 Dungeon Crawl Stone Soup version 0.26.0-7-g794d0892b4 (webtiles) character file.

Game seed: 14689264965835490151

3142 DearestLeader the Cleaver (level 9, -1/74 HPs)
             Began as a Minotaur Monk on Jan 11, 2021.
             Was an Elder of Okawaru.
             Slain by an orc warrior
             ... wielding a cursed -3 hand axe
              (3 damage)
             ... in a bailey on Jan 12, 2021.
             The game lasted 00:16:52 (7384 turns).

DearestLeader the Cleaver (Minotaur Monk)           Turns: 7384, Time: 00:16:53

Health: -1/74      AC: 10    Str: 20    XL:     9   Next: 61%
Magic:  0/12       EV:  9    Int:  7    God:    Okawaru [****..]
Gold:   449        SH:  0    Dex: 12    Spells: 8/8 levels left

rFire    + . .     SeeInvis +   E - +0 trident (venom)
rCold    + + .     Faith    .   (no shield)
rNeg     . . .     Spirit   +   v - +0 chain mail
rPois    .         Reflect  .   (helmet restricted)
rElec    .         Harm     .   d - scarf {rC+ rF+}
rCorr    .         Rampage  .   (no gloves)
Will     .....                  (no boots)
Stlth    ..........             x - amulet of guardian spirit
HPRegen  0.22/turn              w - ring of see invisible
MPRegen  0.13/turn              B - ring of protection from cold

@: no status effects
A: retaliatory headbutt, horns 2
a: Renounce Religion, Heroism


You were in a bailey.
You worshipped Okawaru.
Okawaru was greatly pleased with you.
You visited 2 branches of the dungeon, and saw 8 of its levels.
You also visited: Bailey.

You collected 449 gold pieces.

Inventory:

Hand Weapons
 a - a +1 hand axe
 e - a cursed +2 flail of freezing
 h - a +0 war axe
 l - a +0 vorpal hunting sling
 z - a +0 war axe
 E - a +0 trident of venom (weapon)
Missiles
 o - 5 datura-tipped darts (quivered)
 u - 50 sling bullets
Armour
 b - a +0 buckler
 d - a scarf of resistance (worn)
 v - a +0 chain mail (worn)
 H - a +0 cloak
Jewellery
 w - a ring of see invisible (left hand)
 x - an amulet of guardian spirit (around neck)
 y - an uncursed amulet of magic regeneration
 B - a ring of protection from cold (right hand)
Wands
 r - a wand of digging (5)
Scrolls
 c - a scroll of noise {unknown}
 f - 5 scrolls of remove curse
 i - 3 scrolls of teleportation
 j - 2 scrolls of enchant weapon
 m - a scroll of random uselessness {unknown}
 p - 2 scrolls of amnesia
 s - a scroll of fear {unknown}
 C - 2 scrolls of enchant armour {unknown}
 D - a scroll of immolation {unknown}
 F - a scroll of identify
Potions
 g - 2 potions of flight
 k - a potion of brilliance {unknown}
 n - 2 potions of might
 q - a potion of degeneration {unknown}
 t - a potion of curing
 A - a potion of mutation {unknown}
 G - a potion of attraction {unknown}


   Skills:
 - Level 5.0 Fighting
 * Level 11.9 Axes
 + Level 8.0 Armour
 - Level 3.2 Dodging
 - Level 1.5 Stealth
 + Level 5.6 Invocations


You had 8 spell levels left.
You didn't know any spells.
Your spell library was empty.

Dungeon Overview and Level Annotations

Branches:
Dungeon (7/15)             Temple (1/1) D:4          Bailey (1/1)

Altars:
Ashenzari
Cheibriados
Dithmenos
Elyvilon
Fedhas
Gozag
Hepliaklqana
Kikubaaqudgha
Makhleb
Nemelex Xobeh
Okawaru
Qazlal
Ru
Sif Muna
Trog
Uskayaw
Vehumet
Wu Jian
Xom
Yredelemnul
The Shining One

Shops:
D:6 :


Innate Abilities, Weirdness & Mutations

You reflexively headbutt those who attack you in melee.
You have a pair of horns on your head.


Message History

Your Armour skill increases to level 8!
Unknown command.
Reach: E) +0 trident (venom)
Press: ? - help, Dir - move target, f - orc warrior
Aim: an orc warrior, wielding a -3 hand axe and wearing a +0 ring mail (moderately wounded)
You reach to attack!
You closely miss the orc warrior.
The orc warrior is moderately wounded.
Reach: E) +0 trident (venom)
Press: ? - help, Dir - move target, f/p - orc warrior
Aim: an orc warrior, wielding a -3 hand axe and wearing a +0 ring mail (moderately wounded)
You reach to attack!
You miss the orc warrior.
The orc warrior is moderately wounded.
You hit the orc warrior. Your headbutt misses the orc warrior.
The orc warrior is heavily wounded.
You closely miss the orc warrior.
The orc warrior is heavily wounded.
The orc hits you with a +0 hand axe.
* * * LOW HITPOINT WARNING * * *
The orc warrior hits you with a cursed -3 hand axe.
You die...

#....≈.≈....#
#'###≈.≈###'#
#....≈.≈....#
######'######
#...# #...#
#...#
######'######
#...#...#@.(#
#.....8.oo.)#
#$..#...#...#
######.######
#...# #...#
#(..# #####


You could see an orc warrior and an orc.

Vanquished Creatures
  Eustachio (D:5)
  A water moccasin (D:6)
  5 orc warriors (Bailey)
  2 ice beasts
  An ogre (D:6)
  A phantom (D:5)
  A black bear (D:7)
  3 centaurs
  Blork the orc (D:5)
  A bullfrog (D:6)
  A wyvern skeleton (D:6)
  2 scorpions
  5 howler monkeys
  4 wights (D:7)
  3 crimson imps (D:3)
  4 hounds
  A bullfrog zombie (D:5)
  Crazy Yiuf (D:6)
  A centaur zombie (D:5)
  4 orc priests
  2 iguanas
  6 orc wizards
  5 worker ants
  Ijyb (D:2)
  A hound skeleton (D:5)
  9 gnolls
  4 adders
  A white imp (D:6)
  2 oozes
  2 adder skeletons
  3 worms
  2 dart slugs
  3 leopard geckos
  24 orcs
  8 bats
  2 giant cockroaches
  10 hobgoblins
  8 jackals
  21 kobolds
  2 quokkas
  A ball python (D:1)
  3 frilled lizards
  18 goblins
  6 rats
187 creatures vanquished.

Vanquished Creatures (others)
  4 fungi (D:6)
  A plant (D:4)
5 creatures vanquished.

Grand Total: 192 creatures vanquished

Notes
Turn   | Place    | Note
-------+----------+-------------------------------------------
     0 | D:1      | DearestLeader the Minotaur Monk began the quest for the
                  | Orb.
     0 | D:1      | Reached XP level 1. HP: 19/19 MP: 0/0
   129 | D:1      | Reached skill level 4 in Axes
   203 | D:1      | Reached XP level 2. HP: 20/26 MP: 1/1
   431 | D:1      | Reached skill level 1 in Armour
   678 | D:1      | Reached XP level 3. HP: 31/31 MP: 2/2
  1039 | D:2      | Found a faded altar of an unknown god.
  1058 | D:2      | Reached skill level 5 in Axes
  1294 | D:2      | Found a broken altar of Ashenzari.
  1546 | D:2      | Noticed Ijyb
  1551 | D:2      | Reached XP level 4. HP: 39/39 MP: 3/3
  1557 | D:2      | Killed Ijyb
  2466 | D:3      | Found a shimmering altar of Xom.
  2473 | D:3      | Reached skill level 6 in Axes
  2473 | D:3      | Reached XP level 5. HP: 44/45 MP: 4/4
  2832 | D:4      | Reached skill level 7 in Axes
  2847 | D:4      | Reached XP level 6. HP: 37/51 MP: 5/5
  3295 | D:4      | Found a staircase to the Ecumenical Temple.
  3305 | Temple   | Entered the Ecumenical Temple
  3369 | Temple   | Became a worshipper of Warmaster Okawaru
  3369 | Temple   | Reached * piety under Okawaru
  3369 | Temple   | Reached ** piety under Okawaru
  3765 | D:5      | Entered Level 5 of the Dungeon
  3778 | D:5      | Reached skill level 1 in Invocations
  3793 | D:5      | Reached XP level 7. HP: 33/59 MP: 3/6
  3973 | D:5      | Reached skill level 8 in Axes
  4015 | D:5      | Reached skill level 5 in Armour
  4260 | D:5      | Found a glowing golden altar of the Shining One.
  4289 | D:5      | Found a bloodstained altar of Trog.
  4315 | D:5      | Noticed Eustachio
  4345 | D:5      | Killed Eustachio
  4345 | D:5      | Reached *** piety under Okawaru
  4346 | D:5      | Reached skill level 5 in Fighting
  4346 | D:5      | Reached skill level 9 in Axes
  4346 | D:5      | Reached XP level 8. HP: 48/68 MP: 5/8
  4568 | D:5      | Noticed Blork the orc
  4577 | D:5      | Killed Blork the orc
  4860 | D:5      | Found a stormy altar of Qazlal.
  4871 | D:5      | Found a shadowy altar of Dithmenos.
  5040 | D:6      | Found Gierch's Book Boutique.
  5477 | D:6      | Reached skill level 10 in Axes
  5666 | D:6      | Reached **** piety under Okawaru
  6515 | D:6      | Found a runed translucent door.
  6516 | D:6      | Noticed Crazy Yiuf
  6601 | D:6      | Killed Crazy Yiuf
  6602 | D:6      | Reached XP level 9. HP: 74/74 MP: 11/11
  6674 | D:7      | Reached skill level 11 in Axes
  6678 | D:7      | Found a flagged portal.
  6717 | D:7      | Reached skill level 5 in Invocations
  6749 | Bailey   | Entered a bailey
  7338 | Bailey   | HP: 3/74 [orc warrior/+0 war axe (5)]
  7367 | Bailey   | HP: 1/74 [orc warrior/cursed +0 hand axe (3)]
  7384 | Bailey   | HP: 2/74 [orc/+0 hand axe (3)]
  7384 | Bailey   | Slain by an orc warrior

Illustrated notes

Levels and vault maps discovered:
D:1:      dpeg_arrival_radiant, layout_loops_cross,
          chequers_serial_rivers_micro_c, grunt_decor_junction,
          solitary_fountain, kennysheep_another_room
D:2:      kennysheep_the_goblin_king, layout_loops_corners,
          nicolae_overflow_crystal_walls, chequers_ecumenical_altar_simple,
          minmay_misc_feat_five
D:3:      layout_loops_cross, led_xom_imps
D:4:      cheibrodos_old_hovel, layout_basic, minmay_temple_entry_mist,
          serial_curves, eino_curves_04, eino_curves_02, eino_curves_03
D:5:      layout_basic, nicolae_overflow_quartered_altars, uniq_eustachio,
          uniq_blork_the_orc
D:6:      layout_loops_corners, serial_shops, shop, water_boxes_lemuel,
          uniq_crazy_yiuf_cottage
D:7:      layout_cave_pools, enter_bailey_3
Temple:   compressed_dpeg_circular_temple
Bailey:   bailey_axe_1, bailey

Skill      XL: |  1  2  3  4  5  6  7  8  9 |
---------------+----------------------------+-----
Axes           | 4 5 6 7 9 10 11 | 11.9
Armour         | 1 2 3 4 5 6 8 |  8.0
Fighting       | 4 5 |  5.0
Invocations    | 1 2 4 5 |  5.6
Dodging        | |  3.2
Stealth        | |  1.5

Action                   |  1- 3 |  4- 6 |  7- 9 || total
-------------------------+-------+-------+-------++-------
Melee: Hand axe          |    88 |   149 |   210 ||   447
       Headbutt          |    16 |    20 |    70 ||   106
       Trident           |       |       |   183 ||   183
       Punch             |       |       |     1 ||     1
Invok: Heroism           |       |       |     2 ||     2
  Use: Scroll            |     3 |       |     6 ||     9
       Potion            |       |       |     7 ||     7
 Stab: Sleeping          |     1 |       |       ||     1
Armor: Ring mail         |    20 |       |       ||    20
       Scale mail        |     7 |     5 |       ||    12
       Chain mail        |       |    47 |   210 ||   257
Dodge: Dodged            |    53 |    65 |   200 ||   318
